 Dungeon Crawl Stone Soup version 0.27.1-1-g398f81649c (webtiles) character file.

Game seed: 17756575864650366406

47 cummra the Digger (level 3, -1/19 HPs)
             Began as a Gargoyle Earth Elementalist on Sept 18, 2021.
             Slain by Terence (6 damage)
             ... on level 2 of the Dungeon.
             The game lasted 00:05:53 (2094 turns).

cummra the Digger (Gargoyle Earth Elementalist)     Turns: 2094, Time: 00:05:54

Health: -1/19      AC:  5    Str: 11    XL:     3   Next: 70%
Magic:  1/7        EV: 11    Int: 16    God:
Gold:   48         SH:  5    Dex: 10    Spells: 6/7 levels left

rFire    . . .     SeeInvis .   a - +0 dagger
rCold    . . .     Faith    .   (no shield)
rNeg     + . .     Spirit   .   b - +0 robe
rPois    ∞         Reflect  +   (no helmet)
rElec    +         Harm     .   (no cloak)
rCorr    .         Rampage  .   (no gloves)
Will     .....                  (no boots)
Stlth    ++........             g - amulet of reflection
HPRegen  0.06/turn              (no ring)
MPRegen  0.10/turn              (no ring)

@: no status effects
A: sickness immunity, AC +3, negative energy resistance 1, electricity
resistance, torment resistance 1, petrification resistance
a: no special abilities


You were on level 2 of the Dungeon.
You visited 1 branch of the dungeon, and saw 2 of its levels.

You collected 48 gold pieces.

Inventory:

Hand Weapons
 a - a +0 dagger (weapon)
Missiles
 c - 10 stones
 d - a throwing net
Armour
 b - a +0 robe (worn)
Jewellery
 g - an amulet of reflection (around neck)
Scrolls
 i - 2 scrolls of torment {unknown}
 j - a scroll of identify {unknown}
Potions
 e - a potion of attraction {unknown}
 f - a potion of magic {unknown}
 h - a potion of mutation {unknown}


   Skills:
 - Level 1.5 Dodging
 - Level 2.1 Stealth
 + Level 2.9 Spellcasting
 - Level 0.7 Transmutations
 + Level 4.6 Earth Magic


You had 6 spell levels left.
You knew the following spells:

 Your Spells              Type           Power      Damage    Failure   Level
a - Sandblast             Erth           34%        2d9       2%          1

Your spell library contained the following spells:

 Spells                   Type           Power      Damage    Failure   Level
 Passwall                 Tmut/Erth      9%         N/A       10%         2
 Stone Arrow              Conj/Erth      18%        3d8       22%         3
 Petrify                  Tmut/Erth      11%        N/A       52%         4


Dungeon Overview and Level Annotations

Branches:
Dungeon (2/15)

Altars:

Annotations:
D:2 1 runed translucent door, Crazy Yiuf, Sigmund, Terence


Innate Abilities, Weirdness & Mutations

You are immune to sickness and miasma.
Your stone body is resilient. (AC +3)
You are immune to poison.
You resist negative energy. (rN+)
You are resistant to electric shocks. (rElec)
You are resistant to unholy torment.
You are immune to petrification.


Message History

Aiming: Sandblast (safe; 2% risk of failure)
Press: ? - help, Shift-Dir - straight line, f/p - Terence
Aim: Terence, wielding a +0 trident and wearing a +0 chain mail (85% to hit)
The blast of sand hits Terence but does no damage.
Terence hits you from afar with a +0 trident!
Casting: Sandblast (safe; 2% risk of failure)
Confirm with . or Enter, or press ? or * to list all spells.
Aiming: Sandblast (safe; 2% risk of failure)
Press: ? - help, Shift-Dir - straight line, f/p - Terence
Aim: Terence, wielding a +0 trident and wearing a +0 chain mail (85% to hit)
The blast of sand hits Terence.
Terence is lightly wounded.
Terence hits you from afar with a +0 trident.
* * * LOW HITPOINT WARNING * * *
Casting: Sandblast (safe; 2% risk of failure)
Confirm with . or Enter, or press ? or * to list all spells.
Aiming: Sandblast (safe; 2% risk of failure)
Press: ? - help, Shift-Dir - straight line, f/p - Terence
Aim: Terence, wielding a +0 trident and wearing a +0 chain mail (lightly wounded, 85% to hit)
The blast of sand hits Terence but does no damage.
Terence is lightly wounded.
You block Terence's attack.
Casting: Sandblast (safe; 2% risk of failure)
Confirm with . or Enter, or press ? or * to list all spells.
Aiming: Sandblast (safe; 2% risk of failure)
Press: ? - help, Shift-Dir - straight line, f/p - Terence
Aim: Terence, wielding a +0 trident and wearing a +0 chain mail (lightly wounded, 85% to hit)
The blast of sand hits Terence.
Terence is moderately wounded.
Terence hits you but does no damage.
Casting: Sandblast (safe; 2% risk of failure)
Confirm with . or Enter, or press ? or * to list all spells.
Aiming: Sandblast (safe; 2% risk of failure)
Press: ? - help, Shift-Dir - straight line, f/p - Terence
Aim: Terence, wielding a +0 trident and wearing a +0 chain mail (moderately wounded, 85% to hit)
The blast of sand hits Terence.
Terence is heavily wounded.
Terence shouts, "Get ready for death!"
Terence hits you from afar with a +0 trident.
You die...

#....######..#.. #.#.#
#........††..#.# #.#.#
........###..#.# #.#.# .#
.÷#.###.####.#.# #.†.# .# .#..#
#......#.#####..## .# .#.##
######.#........######.### .#.#
#.#.#####..w..##....## .#.#
#.#.#...#.###....##..# ##.#
...#@#@#.#.# ###.....?. ##.#
.##.#.#.#.#.# #....P## ##.#
##.##.#.@.#.#.# ##...#.. ##.#
##... #.#####.#.# #...#.##
...###<.# #.......#.# #...!#.#..
#..##..#####.#####.#.......#.#.##
.............#...#.# ###.#.#. .#
.#.##........#.#.#.# #...#.#.#
...##........#.#.#.# ##..#.#.#


You could see Terence.

Vanquished Creatures
  An adder (D:2)
  2 dart slugs
  4 ball pythons (D:1)
  4 bats
  5 endoplasms
  A goblin (D:1)
  2 hobgoblins (D:1)
  4 jackals (D:2)
  2 quokkas
  2 frilled lizards
  A kobold (D:1)
  2 rats
30 creatures vanquished.

Vanquished Creatures (others)
  A fungus (D:2)
  3 plants (D:2)
4 creatures vanquished.

Grand Total: 34 creatures vanquished

Notes
Turn   | Place    | Note
-------+----------+-------------------------------------------
     0 | D:1      | cummra the Gargoyle Earth Elementalist began the quest for
                  | the Orb.
     0 | D:1      | Reached XP level 1. HP: 10/10 MP: 3/3
   731 | D:1      | Reached skill level 4 in Earth Magic
   731 | D:1      | Reached XP level 2. HP: 11/15 MP: 5/5
  1472 | D:2      | Noticed Sigmund
  1570 | D:2      | Reached XP level 3. HP: 18/19 MP: 6/6
  1874 | D:2      | Found a runed translucent door.
  1875 | D:2      | Noticed Crazy Yiuf
  2061 | D:2      | Noticed Terence
  2094 | D:2      | Slain by Terence

Illustrated notes

Levels and vault maps discovered:
D:1:      minmay_arrival_cross, layout_loops_ring
D:2:      layout_rooms, shapermc_ecumenical_altar_rom_forum, roderic_lattice_a,
          uniq_sigmund, uniq_terence, uniq_crazy_yiuf_cottage

Skill      XL: |  1 |
---------------+----+-----
Earth Magic    | 4 |  4.6
Dodging        | |  1.5
Stealth        | |  2.1
Spellcasting   | |  2.9
Transmutations | |  0.7

Action                   || total
-------------------------++-------
Melee: Dagger            ||    98
       Unarmed           ||    10
 Cast: Sandblast         ||    35
 Stab: Sleeping          ||     2
Armor: Robe              ||    53
Dodge: Dodged            ||    80
Block: Other             ||    21
